 Dungeon Crawl Stone Soup version 0.20-a0-1026-gc3ddcbd (console) character file.

7988 nht the Cleaver (level 11, -12/72 HPs)
             Began as a Demonspawn Assassin on Apr 20, 2017.
             Was an Elder of Fedhas.
             Mangled by a komodo dragon (22 damage)
             ... on level 1 of the Lair of Beasts.
             The game lasted 00:25:28 (10203 turns).

nht the Cleaver (Demonspawn Assassin)              Turns: 10203, Time: 00:25:29

Health: -12/72     AC: 12    Str: 13    XL:     11   Next: 4%
Magic:  20/20      EV: 12    Int: 15    God:    Fedhas [****..]
Gold:   608        SH:  0    Dex: 22    Spells: 10/10 levels left

rFire    . . .     SeeInvis .   a - +1 hand axe (elec)
rCold    . . .     Gourm    .   (no shield)
rNeg     . . .     Faith    .   G - +1 robe of Doettur {Dex+6 Stlth-}
rPois    .         Spirit   .   w - +0 hat
rElec    .         Reflect  .   x - +0 cloak
rCorr    .         Harm     .   h - +2 pair of gloves of the Scribe {*Slow Dex+2 Stlth+}
MR       .....                  J - +0 pair of boots
Stlth    +++.......             (no amulet)
Regen    0.3/turn               u - ring of wizardry
MPRegen  0.2/turn               (no ring)

@: no status effects
A: hooves 1, iridescent scales 2, demonic guardian 1, powered by pain 2
a: Fungal Bloom, Evolution, Sunlight, Growth, Reproduction, Renounce Religion


You were on level 1 of the Lair of Beasts.
You worshipped Fedhas.
Fedhas was greatly pleased with you.
You were not hungry.

You visited 3 branches of the dungeon, and saw 13 of its levels.
You also visited: Sewer.

You collected 798 gold pieces.
You spent 190 gold pieces at shops.

Inventory:

Hand Weapons
 a - a +1 hand axe of electrocution (weapon)
 b - a +1 rapier of protection
 r - a +0 blowgun
 D - a +2 hand crossbow of flaming
 I - a +0 war axe of freezing
Missiles
 e - 18 poisoned needles
 f - 2 curare-tipped needles
Armour
 h - the +2 pair of gloves of the Scribe (worn) {*Slow Dex+2 Stlth+}
   (You bought it in a shop on level 4 of the Dungeon)

   It affects your dexterity (+2).
   It may slow you when you take damage.
   It makes you more stealthy.
 w - a +0 hat (worn)
 x - a +0 cloak (worn)
 G - the +1 robe of Doettur (worn) {Dex+6 Stlth-}
   (You took it off a crimson imp on level 8 of the Dungeon)

   It affects your dexterity (+6).
   It makes you less stealthy.
 J - a +0 pair of boots (worn)
 K - a +2 robe of magic resistance
Jewellery
 u - a ring of wizardry (left hand)
 F - an uncursed ring of fire
Wands
 c - a wand of polymorph (0/24)
 l - a wand of disintegration (8/24)
 C - a wand of disintegration (15/24)
 M - a wand of iceblast (6/15)
Scrolls
 j - 2 scrolls of teleportation
 n - 11 scrolls of remove curse
 o - 3 scrolls of fear
 s - a scroll of enchant weapon
 v - 2 scrolls of magic mapping
 y - a scroll of blinking
 H - a scroll of fog
 L - a scroll of amnesia
 P - a scroll of identify
Potions
 d - a potion of berserk rage
 i - 3 potions of brilliance
 k - a potion of lignification
 m - 5 potions of curing
 q - a potion of cancellation
 z - 2 potions of flight
 A - 2 potions of mutation
 B - a potion of heal wounds
 N - a potion of invisibility
 O - a potion of might
Comestibles
 g - 2 bread rations
 p - 5 royal jellies
 t - 5 meat rations
 E - a fruit {!e}


   Skills:
 - Level 2.0 Fighting
 - Level 3.0 Short Blades
 * Level 12.4 Axes
 - Level 1.7 Throwing
 - Level 0.8 Dodging
 - Level 3.6 Stealth
 + Level 12.0 Invocations


You had 10 spell levels left.
You didn't know any spells.

Dungeon Overview and Level Annotations

Branches:
Dungeon (11/15)            Temple (1/1) D:7            Lair (1/6) D:9
    Orc (0/2) D:9

Altars:
Elyvilon
Fedhas
Gozag
Makhleb
Nemelex Xobeh
Qazlal
Ru
Trog
Uskayaw
Vehumet
Yredelemnul
Zin
The Shining One
Beogh

Shops:
D:4 [


Innate Abilities, Weirdness & Mutations

You have large cloven feet.
You are mostly covered in iridescent scales. (AC +4)
A weak demonic guardian rushes to your aid.
You sometimes gain power by taking damage.


Message History

The komodo dragon bites you!
You hit the komodo dragon.
The komodo dragon is heavily wounded.
The komodo dragon bites you but does no damage.
You hit the komodo dragon but do no damage.
The komodo dragon is heavily wounded.
You closely miss the komodo dragon.
The komodo dragon is heavily wounded.
The komodo dragon bites you!!
* * * LOW HITPOINT WARNING * * *
You hit the komodo dragon.
The komodo dragon is severely wounded.
The komodo dragon bites you!
* * * LOW HITPOINT WARNING * * *
You are too injured to fight recklessly!
You walk carefully through the fungus.
A nearby toadstool withers and dies.
You see here a komodo dragon skeleton.
You walk carefully through the fungus.
The komodo dragon bites you!!
You die...
Fedhas appreciates your contribution to the ecosystem. ██████

████████.██f█
██████████████.f.f....f.██
......!...P█P.█f████f█..█
..........Pl@..ff......██
█ █.█████....P██.████P█f.█
.█ █.█ ██.P..████
███..██████
.████.████.█....█
█....f.ff
.██.................
██.█.█..██
███.█.<███...██.███.
█..██████
.██.█..P██..█████ █. █...█
.█.█...███.. █.
████.██████ ........██.. █
█.██.█...█.█.██


You could see a komodo dragon and 4 friendly wandering mushrooms.

Vanquished Creatures
  Joseph (D:7)
  A komodo dragon (Lair:1)
  2 slime creatures (D:7)
  2 hippogriffs
  Sigmund (D:3)
  2 yaks (D:11)
  A hungry ghost (D:9)
  A steam dragon (D:9)
  Duvessa (D:4)
  A porcupine (Lair:1)
  2 water moccasins
  An ice beast (D:9)
  An orc warrior (D:6)
  A phantom (D:6)
  9 centaurs
  An ogre (D:10)
  A big kobold (D:9)
  9 bullfrogs
  2 scorpions
  2 killer bees (D:8)
  5 crimson imps
  A quasit (D:9)
  7 hounds
  4 jellies
  6 orc priests
  2 bullfrog skeletons (D:7)
  2 centaur skeletons
  8 orc wizards
  3 worker ants
  5 iguanas
  A hound skeleton (D:5)
  5 gnolls (D:8)
  2 howler monkey skeletons
  9 adders
  2 river rats (D:4)
  3 shadow imps (D:8)
  4 adder skeletons
  2 worms
  A dart slug (D:2)
  6 leopard geckos
  29 orcs
  5 bats
  8 giant cockroaches
  7 goblins
  3 hobgoblins
  2 jackals
  4 quokkas
  3 ball pythons
  A ball python skeleton (D:6)
  8 frilled lizards
  A jackal skeleton (D:5)
  4 kobolds
  2 leopard gecko skeletons
  4 rats
201 creatures vanquished.

Vanquished Creatures (collateral kills)
  2 two-headed ogres
  A black mamba (Lair:1)
  A spiny frog (Lair:1)
  2 slime creatures (D:7)
  A yak (D:11)
  A hungry ghost (D:8)
  A water moccasin (Lair:1)
  An orc warrior (D:8)
  2 ogres
  A phantom (D:4)
  3 bullfrogs
  Dowan (D:4)
  2 killer bees
  Crazy Yiuf (D:3)
  2 orc priests
  2 worker ants
  A gnoll (D:8)
  6 orcs
  2 giant cockroaches
  4 jackals
37 creatures vanquished.

Vanquished Creatures (others)
  7 wandering mushrooms
  A hornet zombie (D:9)
  A necrophage (D:11)
  3 fungi (Lair:1)
  A plant (Lair:1)
  165 toadstools
178 creatures vanquished.

Grand Total: 416 creatures vanquished

Notes
Turn   | Place    | Note
-------+----------+-------------------------------------------
     0 | D:1      | nht the Demonspawn Assassin began the quest for the Orb.
     0 | D:1      | Reached XP level 1. HP: 16/16 MP: 1/1
   488 | D:1      | Gained mutation: You sometimes gain a little power by taking damage. [demonic ancestry]
   488 | D:1      | Reached XP level 2. HP: 22/22 MP: 2/2
   624 | D:1      | Found a glowing golden altar of the Shining One.
   695 | D:2      | Found a faded altar of an unknown god.
   775 | D:2      | Became a worshipper of Fedhas Madash
   775 | D:2      | Reached * piety under Fedhas
   902 | D:2      | Found a bloodstained altar of Trog.
   995 | D:2      | Found a basalt altar of Yredelemnul.
  1358 | D:3      | Gained mutation: A weak demonic guardian rushes to your aid. [demonic ancestry]
  1358 | D:3      | Reached XP level 3. HP: 27/27 MP: 3/3
  1362 | D:3      | Reached skill level 1 in Axes
  1606 | D:3      | Noticed Sigmund
  1645 | D:3      | Killed Sigmund
  1645 | D:3      | Reached XP level 4. HP: 12/33 MP: 4/4
  1645 | D:3      | Reached XP level 5. HP: 14/38 MP: 5/5
  2406 | D:3      | Found a runed door.
  2495 | D:3      | Noticed Crazy Yiuf
  2500 | D:3      | Killed Crazy Yiuf
  2500 | D:3      | Reached skill level 1 in Invocations
  2597 | D:4      | Found Mexzuxkutt's Antique Armour Boutique.
  2662 | D:4      | Reached XP level 6. HP: 39/44 MP: 7/7
  2757 | D:4      | Bought a pair of jewelled gloves for 190 gold pieces
  2767 | D:4      | Identified the +2 pair of gloves of the Scribe {*Slow Dex+2 Stlth+} (You bought it in a shop on level 4 of the Dungeon)
  3172 | D:4      | Noticed Dowan
  3173 | D:4      | Noticed Duvessa
  3184 | D:4      | Killed Duvessa
  3184 | D:4      | Reached skill level 5 in Axes
  3194 | D:4      | Killed Dowan
  3282 | D:4      | Gained mutation: You are partially covered in iridescent scales. (AC +2) [demonic ancestry]
  3282 | D:4      | Reached XP level 7. HP: 17/50 MP: 9/9
  3313 | D:4      | Found a glowing drain.
  3317 | Sewer    | Entered a sewer
  3337 | Sewer    | Reached ** piety under Fedhas
  4147 | D:5      | Entered Level 5 of the Dungeon
  4191 | D:5      | Found a blossoming altar of Fedhas.
  4193 | D:5      | Found a hide-covered altar of Uskayaw.
  4415 | D:5      | Reached skill level 5 in Invocations
  4551 | D:5      | Noticed a hippogriff
  4560 | D:5      | Killed a hippogriff
  4560 | D:5      | Reached XP level 8. HP: 55/56 MP: 12/12
  4923 | D:5      | oops
  5718 | D:6      | Found a burning altar of Makhleb.
  5992 | D:7      | Gained mutation: You are mostly covered in iridescent scales. (AC +4) [demonic ancestry]
  5992 | D:7      | Reached XP level 9. HP: 28/61 MP: 14/14
  6103 | D:7      | Found a stormy altar of Qazlal.
  6124 | D:7      | Noticed Joseph
  6196 | D:7      | Killed Joseph
  6322 | D:7      | Killed a large slime creature
  6322 | D:7      | Reached skill level 10 in Axes
  6456 | D:7      | Found a staircase to the Ecumenical Temple.
  6693 | Temple   | Entered the Ecumenical Temple
  6739 | D:8      | Noticed a two-headed ogre
  6751 | D:8      | Killed a two-headed ogre
  7041 | D:8      | Reached skill level 10 in Invocations
  7043 | D:8      | Got a wizard robe
  7059 | D:8      | Gained mutation: You have large cloven feet. [demonic ancestry]
  7059 | D:8      | Reached XP level 10. HP: 62/67 MP: 17/17
  7918 | D:8      | You fall through a shaft for 3 floors!
  8046 | D:10     | Entered Level 10 of the Dungeon
  8082 | D:10     | Identified the +1 robe of Doettur {Dex+6 Stlth-} (You took it off a crimson imp on level 8 of the Dungeon)
  8237 | D:10     | Reached *** piety under Fedhas
  8307 | D:9      | Found a staircase to the Orcish Mines.
  8786 | D:9      | Found a roughly hewn altar of Beogh.
  9125 | D:9      | Found an opulent altar of Gozag.
  9126 | D:9      | Found a sparkling altar of Nemelex Xobeh.
  9126 | D:9      | Noticed a two-headed ogre
  9137 | D:9      | Killed a two-headed ogre
  9274 | D:9      | Found a staircase to the Lair.
  9361 | D:9      | Found a white marble altar of Elyvilon.
  9452 | D:9      | Reached **** piety under Fedhas
  9720 | Lair:1   | Entered Level 1 of the Lair of Beasts
  9725 | Lair:1   | Noticed a spiny frog
  9735 | Lair:1   | Killed a spiny frog
  9758 | Lair:1   | Noticed a spiny frog
  9762 | Lair:1   | Killed a black mamba
  9796 | Lair:1   | HP: 1/67 [water moccasin (3)]
 10124 | Lair:1   | Gained mutation: You sometimes gain power by taking damage. [demonic ancestry]
 10124 | Lair:1   | Reached XP level 11. HP: 71/72 MP: 19/19
 10203 | Lair:1   | Mangled by a komodo dragon

Vault maps used:
D:1:      minmay_arrival_four_circles, tso_altar
D:2:      yredelemnul_altar_generic, bloody_trog,
          chequers_ecumenical_altar_island
D:3:      uniq_sigmund, uniq_crazy_yiuf_cottage
D:4:      serial_shops, nicolae_shop_waterfront, gup_sewer_entry_spiral,
          uniq_duvessa
D:5:      grunt_temple_overflow_open, first_bread
D:6:      lemuel_round_altar
D:7:      lemuel_doored_altar, temple_statues, uniq_joseph
D:9:      grunt_temple_overflow_opulence, elyvilon_altar_1, lair_entry_dummy,
          minmay_orc_entry_temple_small, roderic_ancient_swastika
D:10:     special_room
D:11:     basic_altar, the_bakery, minivault_16
Temple:   dshaligram_water_room_temple
Lair:1:   cheibrodos_lair_river_kwai, st_stairs_5
Sewer:    sewer_frog_island_01

Skill      XL: |  1  2  3  4  5  6  7  8  9 10 11 |
---------------+----------------------------------+-----
Short Blades   | 2 3 |  3.0
Axes           | 3 4 5 7 8 10 12 | 12.4
Invocations    | 2 3 5 7 10 11 12 | 12.0
Fighting       | |  2.0
Throwing       | |  1.7
Dodging        | |  0.8
Stealth        | |  3.6

Action                   |  1- 3 |  4- 6 |  7- 9 | 10-12 || total
-------------------------+-------+-------+-------+-------++-------
Melee: Dagger            |    54 |       |       |       ||    54
       Hand axe          |    30 |    62 |   271 |   208 ||   571
       Kick              |       |       |       |    18 ||    18
       Unarmed           |       |       |       |     4 ||     4
Invok: Fungal Bloom      |     8 |     4 |    29 |    31 ||    72
       Evolution         |     1 |       |     7 |     4 ||    12
Evoke: Wand              |       |     2 |    16 |     7 ||    25
  Use: Potion            |     5 |       |     1 |     2 ||     8
       Scroll            |       |    11 |     5 |     8 ||    24
 Stab: Sleeping          |    10 |     3 |    15 |     9 ||    37
       Distracted        |       |       |     3 |     2 ||     5
       Confused          |       |       |       |     3 ||     3
  Eat: Chunk             |     2 |     5 |     7 |     7 ||    21
       Fruit             |       |       |     2 |       ||     2
       Bread ration      |       |       |     1 |     2 ||     3
Armor: Robe              |    15 |    16 |    73 |    70 ||   174
       Skin              |     4 |       |    11 |       ||    15
Dodge: Dodged            |    47 |    30 |   148 |    84 ||   309
